AoeStats
← iAlejandrouae

African Clearing

506491972Analyzed
4v4 RM · 19d ago on Sep 13, 2026· 78m 21s· 8 players
Game mode
Random Map
Map size
Large (8 player)
Population
200
Speed
Normal
Resources
Standard
Victory
Conquest
Starting age
Dark Age
Ending age
Imperial Age
RankedLock teamsTeams togetherTeam positionsShared explorationLock speedFull tech treeHidden civsTurbo modeCheats
Victory
Defeat
🇵🇹 Berbers · Portugal
1711
+16
🇧🇪 Italians · Belgium
1670
+18
🇦🇷 Vietnamese · Argentina
1601
+20
🇹🇷 Magyars · Türkiye
1540
+23
🇬🇧 Wu · United Kingdom
1827
-24
🇲🇽 Koreans · Mexico
1789
-23
🇦🇷 Hindustanis · Argentina
1619
-16
🇨🇱 Chinese · Chile
1579
-14
iAlejandrouae
3:56 Loom
13:19 Feudal Age
17:34 Castle Age
16:01 Horse Collar
16:32 Double-Bit Axe
20:07 Bloodlines
20:04 Husbandry
23:18 Sanctity
26:14 Town Watch
26:38 Scale Barding Armor
27:57 Devotion
30:41 Bow Saw
31:11 Wheelbarrow
30:57 Forging
36:05 Iron Casting
37:12 Chain Barding Armor
42:41 Imperial Age
41:58 Scale Mail Armor
41:50 Fletching
42:01 Padded Archer Armor
43:21 Heavy Plow
42:44 Cavalier
44:00 Plate Barding Armor
44:21 Coinage
44:24 Bodkin Arrow
44:51 Ballistics
46:08 Chemistry
44:47 Capped Ram
45:31 Elite Skirmisher
46:16 Thumb Ring
46:27 Imperial Skirmisher
47:48 Bracer
48:03 Leather Archer Armor
49:36 Crop Rotation
50:03 Banking
49:59 Crossbowman
51:10 Ring Archer Armor
50:24 Light Cavalry
51:41 Block Printing
50:58 Arbalester
53:52 Paper Money
53:34 Chatras
55:05 Treadmill Crane
55:49 Caravan
56:43 Elite Rattan Archer
60:20 Gold Mining
60:21 Stone Mining
62:36 Light Cavalry
65:16 Two-Man Saw
74:21 Elite Battle Elephant
Kold
5:54 Loom
10:01 Loom
13:13 Feudal Age
17:26 Castle Age
29:59 Fletching
39:34 Imperial Age
37:16 Double-Bit Axe
37:13 Horse Collar
38:26 Bodkin Arrow
39:08 Padded Archer Armor
40:40 Bow Saw
42:59 Wheelbarrow
44:27 Ballistics
45:30 Bracer
48:24 Chemistry
48:21 Bloodlines
50:37 Heavy Plow
50:12 Light Cavalry
52:09 Scale Barding Armor
52:14 Forging
52:38 Husbandry
52:41 Town Watch
53:23 Chain Barding Armor
54:02 Crop Rotation
53:26 Gold Mining
55:41 Plate Barding Armor
56:36 Leather Archer Armor
58:30 Hand Cart
62:40 Hussar
65:07 Iron Casting
75:01 Treadmill Crane
Mehere
6:48 Loom
14:15 Feudal Age
17:56 Castle Age
19:35 Wheelbarrow
20:57 Horse Collar
25:42 Stone Mining
28:31 Forging
28:22 Scale Mail Armor
28:16 Gold Mining
31:44 Imperial Age
29:46 Heavy Plow
29:35 Double-Bit Axe
30:13 Squires
30:52 Chain Mail Armor
31:54 Iron Casting
30:44 Pikeman
34:49 Plate Mail Armor
35:39 Arson
39:49 Fletching
40:25 Bodkin Arrow
41:32 Ballistics
41:34 Hand Cart
41:39 Thumb Ring
43:22 Bracer
45:04 Chemistry
45:48 Crop Rotation
46:44 Padded Archer Armor
46:18 Elite Genoese Crossbowman
49:46 Blast Furnace
49:37 Leather Archer Armor
49:58 Bow Saw
51:11 Stone Shaft Mining
53:08 Two-Man Saw
57:45 Town Watch
59:50 Scale Barding Armor
60:16 Ring Archer Armor
60:43 Bloodlines
60:33 Husbandry
59:53 Light Cavalry
60:55 Chain Barding Armor
63:19 Plate Barding Armor
62:54 Hussar
69:10 Murder Holes
69:26 Masonry
71:01 Town Patrol
75:30 Coinage
nicetobeatyou
6:29 Loom
11:42 Feudal Age
13:56 Double-Bit Axe
13:53 Horse Collar
17:57 Wheelbarrow
22:28 Castle Age
21:47 Scale Barding Armor
22:44 Bloodlines
23:31 Chain Barding Armor
38:29 Heavy Plow
38:40 Bow Saw
41:15 Fletching
49:07 Imperial Age
48:57 Bodkin Arrow
49:02 Padded Archer Armor
49:43 Thumb Ring
49:19 Heavy Cavalry Archer
51:05 Bracer
51:21 Leather Archer Armor
52:23 Gold Mining
53:25 Parthian Tactics
53:31 Ring Archer Armor
54:10 Two-Man Saw
53:41 Crop Rotation
53:31 Hand Cart
53:02 Town Watch
53:41 Ballistics
54:21 Chemistry
54:35 Plate Barding Armor
54:05 Corvinian Army
54:16 Elite Genitour
56:23 Husbandry
57:21 Conscription
57:04 Recurve Bow
56:53 Elite Magyar Huszar
57:51 Capped Ram
60:20 Town Patrol
76:20 Caravan
MZTK | GO1_mx
5:50 Loom
14:09 Feudal Age
18:17 Castle Age
16:20 Double-Bit Axe
17:08 Gold Mining
17:09 Horse Collar
18:31 Town Watch
18:40 Fletching
25:26 Bodkin Arrow
27:11 Stone Mining
29:11 Wheelbarrow
30:10 Town Watch
33:28 Ballistics
37:18 Imperial Age
34:49 Town Patrol
35:04 Hand Cart
35:30 Man-at-Arms
35:56 Gambesons
36:13 Long Swordsman
37:54 Scale Mail Armor
38:24 Hand Cart
37:38 Long Swordsman
38:27 Gambesons
51:52 Bow Saw
51:46 Caravan
60:56 Conscription
60:54 Bracer
62:56 Chemistry
64:29 Gold Shaft Mining
64:29 Stone Shaft Mining
65:25 Two-Man Saw
64:38 Elite War Wagon
66:16 Masonry
65:47 Treadmill Crane
66:44 Husbandry
66:49 Thumb Ring
67:15 Siege Engineers
67:41 Architecture
75:21 Elite Skirmisher
gyNNNNN
10:38 Feudal Age
10:58 Loom
11:10 Double-Bit Axe
15:47 Forging
23:03 Castle Age
21:27 Horse Collar
30:03 Fletching
33:53 Scale Barding Armor
34:28 Bloodlines
37:02 Chain Barding Armor
38:17 Light Cavalry
51:53 Imperial Age
51:20 Husbandry
51:56 Wheelbarrow
52:02 Wheelbarrow
53:14 Plate Barding Armor
52:29 Heavy Camel Rider
54:19 Iron Casting
56:49 Blast Furnace
56:06 Imperial Camel Rider
59:47 Conscription
60:58 Bodkin Arrow
63:40 Gold Mining
64:02 Bow Saw
64:00 Heavy Plow
68:25 Hand Cart
76:39 Two-Man Saw
76:05 Hussar
ZZZzzzzz....
3:35 Loom
11:13 Feudal Age
12:39 Double-Bit Axe
14:26 Forging
15:09 Horse Collar
19:12 Wheelbarrow
21:49 Castle Age
20:14 Gold Mining
21:01 Bloodlines
20:58 Scale Barding Armor
23:21 Bow Saw
23:04 Light Cavalry
24:09 Chain Barding Armor
29:11 Iron Casting
29:25 Town Watch
30:07 Hand Cart
30:32 Heavy Plow
36:10 Imperial Age
35:41 Husbandry
37:00 Gold Shaft Mining
36:15 Stone Mining
38:01 Plate Barding Armor
38:45 Conscription
39:43 Cavalier
41:53 Stone Shaft Mining
42:38 Blast Furnace
41:29 Fletching
41:42 Padded Archer Armor
43:48 Bodkin Arrow
44:43 Ballistics
45:24 Chemistry
44:44 Elite Skirmisher
45:49 Bracer
46:05 Leather Archer Armor
48:38 Ring Archer Armor
65:57 Caravan
69:39 Rocketry
76:46 Elite Chu Ko Nu
Torpedo
14:20 Feudal Age
12:40 Loom
14:25 Feudal Age
18:42 Castle Age
16:37 Double-Bit Axe
16:44 Fletching
17:21 Horse Collar
19:40 Bow Saw
19:25 Bodkin Arrow
20:34 Padded Archer Armor
24:29 Leather Archer Armor
25:19 Town Watch
26:14 Wheelbarrow
25:30 Town Watch
26:32 Wheelbarrow
28:16 Hand Cart
30:20 Gold Mining
30:58 Stone Mining
32:15 Ballistics
35:52 Town Patrol
43:37 Imperial Age
42:20 Red Cliffs Tactics
44:26 Bracer
45:33 Chemistry
44:58 Conscription
45:46 Elite Fire Archer
50:01 Heavy Plow
51:01 Two-Man Saw
50:38 Gold Shaft Mining
50:45 Scale Mail Armor
50:55 Forging
51:56 Chain Mail Armor
51:14 Pikeman
51:54 Squires
51:42 Halberdier
52:58 Iron Casting
53:40 Plate Mail Armor
54:30 Masonry
54:16 Murder Holes
55:26 Blast Furnace
54:58 Treadmill Crane
56:59 Guilds
59:06 Arson
65:40 Architecture
68:37 Caravan
69:09 Coinage
69:17 Stone Shaft Mining
70:24 Elite Skirmisher
Connection lost

Rejoining the realm…

Still unreachable

The connection could not be restored.

Session expired

The server has moved on; the page needs a fresh start.